Map: Jagannatha LE

Players

Ziggy

  • Race: Terran Terran
  • Spawn Location: 1:00

Denver - Winner!

  • Race: Zerg Zerg
  • League: Grandmaster
  • Spawn Location: 7:00

Event: DreamHack SC2 Masters 2020 Winter

VOD

Have the link to the VOD?

Description

Time

  • Played on: Oct. 24, 2020, 1:03 p.m.
  • Length: 10:43

All games in this series

Show
View Real Time Build Order
Export as new Build Order

Ziggy Terran 

Build Orders: Mech 

Get SALT Encoding   

  12  0:00  SCV  
  13  0:12  SCV  
  14  0:17  Supply Depot  
  14  0:24  SCV  
  15  0:39  SCV  
  15  0:41  Barracks  
  16  0:43  Refinery  
  16  0:51  SCV  
  17  1:00  Barracks  
  17  1:03  SCV  
  18  1:15  SCV  
  19  1:27  Orbital Command, Reaper  
  20  1:35  Barracks  
  20  1:41  Refinery  
  20  1:46  Reaper  
  21  1:53  Supply Depot  
  21  1:57  SCV  
  22  2:02  Reaper  
  23  2:15  SCV  
  24  2:18  Reaper  
  25  2:23  Reaper  
  26  2:36  Reaper  
  27  2:41  Command Center  
  27  2:50  Supply Depot, Reaper  
  28  2:53  SCV  
  28  2:55  Reaper  
  30  3:05  SCV  
  31  3:12  Reaper  
  32  3:17  SCV  
  33  3:23  Reaper  
  33  3:27  Reaper  
  33  3:29  SCV  
  35  3:41  SCV  
  35  3:44  Reaper  
  35  3:46  Command Center  
  37  3:55  Factory, SCV  
  38  3:56  Reaper  
  38  4:01  Orbital Command  
  39  4:07  SCV  
  40  4:12  Reaper  
  41  4:19  Refinery  
  41  4:20  SCV  
  42  4:27  SCV  
  42  4:30  Refinery  
  43  4:32  SCV  
  44  4:39  Factory Tech Lab  
  44  4:40  SCV  
  44  4:44  SCV  
  46  4:47  Armory x2  
  46  4:48  Marine  
  46  4:52  SCV  
  48  4:56  SCV  
  49  5:01  Orbital Command  
  49  5:04  SCV  
  49  5:08  SCV  
  49  5:11  Marine x2  
  52  5:16  SCV  
  52  5:20  SCV  
  54  5:27  SCV  
  54  5:28  SCV  
  55  5:29  Siege Tank  
  55  5:32  SCV  
  59  5:38  Terran Vehicle Weapons Level 1  
  59  5:39  Terran Vehicle And Ship Armor Level 1, SCV  
  59  5:40  SCV  
  59  5:41  Marine x2  
  63  5:44  SCV  
  64  5:51  SCV  
  64  5:52  SCV  
  64  5:56  SCV  
  64  6:03  SCV  
  65  6:04  Siege Tank, SCV  
  69  6:13  SCV  
  69  6:15  SCV  
  69  6:16  Factory, SCV  
  72  6:18  Factory  
  72  6:20  Factory  
  72  6:21  Factory  
  72  6:23  Engineering Bay  
  72  6:28  Supply Depot  
  72  6:31  Supply Depot  
  72  6:33  SCV  
  73  6:41  SCV  
  74  6:47  SCV  
  74  6:50  SCV  
  74  6:52  Thor  
  80  6:55  SCV  
  81  7:06  SCV  
  81  7:08  Factory Tech Lab x3, Factory Reactor  
  76  7:13  SCV x2, Missile Turret  
  76  7:15  Missile Turret  
  78  7:16  Missile Turret  
  78  7:18  Missile Turret  
  78  7:23  SCV  
  78  7:25  SCV  
  78  7:26  Thor  
  78  7:27  Thor  
  86  7:31  Missile Turret  
  86  7:32  SCV  
  86  7:35  SCV, Terran Vehicle Weapons Level 2  
  88  7:39  Terran Vehicle And Ship Armor Level 2  
  88  7:43  SCV  
  89  7:45  Orbital Command  
  89  7:49  Hellion x2  
  93  7:54  Supply Depot  
  93  7:55  Supply Depot  
  93  7:58  Supply Depot  
  93  7:59  Supply Depot  
  93  8:03  Orbital Command  
  93  8:05  Missile Turret  
  93  8:14  SCV  
  93  8:15  SCV, Siege Tank x2  
  93  8:19  Siege Tank  
  96  8:20  Siege Tank, Hellion x2  
  96  8:26  SCV  
  99  8:27  SCV  
  99  8:30  SCV  
  99  8:31  Refinery  
  99  8:32  Factory, Refinery  
  101  8:35  Missile Turret  
  101  8:37  Supply Depot  
  101  8:38  SCV, Supply Depot x2  
  101  8:39  SCV  
  101  8:41  Supply Depot  
  103  8:43  SCV, Hellion x2  
  103  8:48  Siege Tank  
  111  8:50  SCV  
  111  8:51  SCV  
  111  8:55  SCV  
  114  8:57  Factory  
  114  8:59  Supply Depot  
  114  9:00  Supply Depot  
  114  9:04  Thor, Hellion  
  114  9:07  Hellion  
  124  9:14  SCV  
  124  9:15  SCV x2  
  126  9:20  Thor  
  128  9:26  SCV  
  128  9:27  SCV x2  
  128  9:28  Hellion  
  130  9:38  Hellion x2  
  134  9:39  SCV x2  
  127  9:49  Hellion  
  114  9:52  Factory Tech Lab, Factory Reactor  
  114  9:53  Factory Reactor  
  107  10:00  Factory Tech Lab  
  107  10:01  Factory Reactor  
  105  10:12  Factory Tech Lab  
  113  10:20  Supply Depot, Command Center, SCV  
  113  10:21  SCV x2, Missile Turret x2  
  111  10:32  Refinery  
  111  10:33  Refinery  
Show
View Real Time Build Order
Export as new Build Order

Denver Zerg - Winner!

Build Orders: Hatch First, Swarm Host 

Get SALT Encoding   

  12  0:00  Drone  
  13  0:12  Overlord  
  13  0:16  Drone  
  14  0:31  Drone x2  
  16  0:49  Hatchery  
  15  0:52  Drone  
  15  0:56  Drone  
  17  1:00  Drone  
  18  1:10  Extractor  
  17  1:16  Spawning Pool  
  16  1:19  Drone  
  16  1:23  Drone  
  18  1:29  Drone  
  19  1:38  Drone  
  20  1:50  Overlord  
  20  2:03  Queen x2  
  20  2:04  Zergling x4  
  26  2:11  Metabolic Boost  
  26  2:13  Drone  
  28  2:15  Drone  
  28  2:27  Drone  
  29  2:37  Zergling x6  
  29  2:39  Queen  
  32  2:44  Drone x2  
  34  2:58  Hatchery  
  33  3:03  Overlord  
  33  3:05  Drone  
  34  3:11  Zergling x4  
  35  3:21  Queen, Overlord  
  35  3:26  Zergling x4  
  39  3:31  Zergling x4  
  41  3:37  Queen  
  43  3:42  Drone x2  
  43  3:44  Zergling x2  
  46  3:49  Zergling x2  
  46  3:50  Zergling x2  
  48  3:58  Queen  
  48  4:00  Drone  
  51  4:06  Overlord  
  51  4:12  Overlord  
  51  4:13  Drone x2  
  51  4:14  Drone  
  54  4:18  Drone x2  
  56  4:24  Overlord  
  56  4:28  Zergling x4  
  58  4:32  Zergling x4  
  58  4:34  Drone  
  58  4:38  Zergling x6  
  62  4:46  Drone x4  
  66  4:55  Lair  
  64  5:01  Overlord  
  64  5:04  Drone x5  
  64  5:06  Overlord  
  68  5:14  Zergling x6  
  66  5:21  Zergling x4  
  66  5:23  Roach Warren  
  67  5:28  Zergling x2  
  67  5:29  Zergling x10  
  71  5:36  Drone x3  
  71  5:40  Extractor  
  71  5:41  Extractor  
  71  5:42  Drone x2  
  74  5:53  Drone x6  
  74  5:56  Overseer  
  78  6:01  Drone  
  78  6:02  Drone x4  
  78  6:03  Glial Reconstitution  
  82  6:10  Drone  
  82  6:11  Drone x2  
  85  6:17  Drone, Spire  
  85  6:26  Drone x2  
  85  6:28  Extractor  
  85  6:29  Extractor  
  85  6:30  Overlord  
  85  6:32  Drone x3  
  88  6:33  Drone  
  88  6:35  Extractor  
  88  6:41  Overlord x2  
  88  6:43  Roach x2  
  92  6:54  Drone x2  
  92  6:55  Evolution Chamber  
  92  6:56  Drone x3, Evolution Chamber  
  92  6:57  Drone x3  
  95  7:02  Hatchery  
  95  7:06  Drone  
  95  7:07  Drone  
  91  7:12  Drone x4  
  95  7:18  Drone  
  95  7:22  Drone  
  97  7:23  Zerg Ground Armor Level 1, Zerg Missile Weapons Level 1  
  97  7:28  Queen x2  
  101  7:33  Overlord x2  
  101  7:36  Infestation Pit  
  100  7:38  Drone x7  
  107  7:46  Overlord  
  107  7:48  Overseer  
  107  7:49  Nydus Network  
  106  7:53  Overlord  
  106  8:09  Overlord  
  104  8:16  Swarm Host x12  
  131  8:26  Extractor  
  124  8:30  Roach x9  
  142  8:37  Overlord x3  
  142  8:40  Roach x2  
  146  8:45  Nydus Canal  
  146  8:47  Roach x3  
  152  8:52  Overseer  
  152  8:54  Roach x4  
  160  8:56  Overlord  
  160  9:02  Roach x2  
  166  9:03  Roach  
  166  9:04  Ravager x2  
  168  9:10  Swarm Host  
  168  9:11  Swarm Host  
  168  9:12  Overlord  
  174  9:18  Overlord  
  174  9:22  Overlord  
  174  9:25  Ravager x2  
  174  9:26  Ravager  
  174  9:27  Roach x3  
  174  9:28  Overlord x2  
  181  9:32  Drone x5  
  181  9:37  Roach x5  
  178  9:46  Nydus Canal  
  178  9:48  Roach x6  
  178  9:52  Roach x3  
  178  10:04  Roach x8  
  179  10:10  Ravager x2  
  181  10:16  Roach x6  
  193  10:22  Roach x3  
  193  10:24  Ravager  
  200  10:29  Extractor  
  199  10:35  Ravager  
Tags
 
Add a new tag
Caveats
  • Supply blocks, unpowered buildings, or Contaminate may cause inaccurate times.
  • Supply counts are checked every 10 seconds.